 Dungeon Crawl Stone Soup version 0.25-a0-161-gb7fd73da8f (webtiles) character file.

Game seed: 17706786498850767878, levelgen mode: deterministic

378 Nadir the Firebug (level 6, -16/62 HPs)
             Began as an Ogre Fire Elementalist on Nov 21, 2019.
             Demolished by an ogre
             ... wielding a +0 giant spiked club
              (25 damage)
             ... on level 5 of the Dungeon.
             The game lasted 00:12:48 (5684 turns).

Nadir the Firebug (Ogre Fire Elementalist)          Turns: 5684, Time: 00:12:49

Health: -16/62     AC:  3    Str: 13    XL:     6   Next: 74%
Magic:  3/12       EV: 10    Int: 18    God:
Gold:   257        SH:  0    Dex:  9    Spells: 5/13 levels left

rFire    . . .     SeeInvis .   h - +0 dagger
rCold    . . .     Gourm    .   (no shield)
rNeg     . . .     Faith    .   a - +0 robe
rPois    .         Spirit   .   (helmet restricted)
rElec    .         Reflect  .   (no cloak)
rCorr    .         Harm     .   (gloves unavailable)
MR       .....                  (boots unavailable)
Stlth    +.........             (no amulet)
HPRegen  0.20/turn              n - +5 ring of slaying
MPRegen  0.13/turn              (no ring)

@: lethally poisoned (-16 -> -17)
A: large, unfitting armour, tough skin 1
a: no special abilities


You were on level 5 of the Dungeon.
You were not hungry.

You visited 1 branch of the dungeon, and saw 6 of its levels.
You also visited: Ossuary.

You collected 257 gold pieces.

Inventory:

Hand Weapons
 h - a +0 dagger (weapon)
 q - a +1 hand axe of electrocution
 B - a +0 trident
Missiles
 p - 123 stones
 s - 2 boomerangs
 u - 14 poisoned darts (quivered)
Armour
 a - a +0 robe (worn)
 r - a +0 leather armour
Jewellery
 n - a +5 ring of slaying (left hand)
Scrolls
 b - 6 scrolls of identify {unknown}
 d - a scroll of noise {unknown}
 f - a scroll of fear {unknown}
 k - 3 scrolls of teleportation {unknown}
 m - 2 scrolls of magic mapping {unknown}
 o - 4 scrolls of amnesia {unknown}
 w - a scroll of immolation {unknown}
 y - 2 scrolls of enchant weapon {unknown}
 z - a scroll of fog {unknown}
Potions
 e - 2 potions of heal wounds {unknown}
 g - 3 potions of lignification {unknown}
 i - a potion of brilliance {unknown}
 j - 2 potions of degeneration {unknown}
 l - 2 potions of curing {unknown}
 t - 2 potions of resistance {unknown}
 v - a potion of agility {unknown}
 x - a potion of ambrosia {unknown}
Comestibles
 c - 5 rations
 A - a chunk of flesh


   Skills:
 * Level 3.9 Fighting
 - Level 0.1 Short Blades
 + Level 1.3 Throwing
 - Level 1.7 Dodging
 - Level 1.4 Stealth
 + Level 4.2 Spellcasting
 + Level 2.3 Conjurations
 + Level 4.3 Fire Magic


You had 5 spell levels left.
You knew the following spells:

 Your Spells              Type           Power        Failure   Level  Hunger
a - Flame Tongue          Conj/Fire      ###..        3%          1    None
b - Conjure Flame         Conj/Fire      ###.....     11%         3    ###....
c - Sticky Flame          Conj/Fire      ###.....     36%         4    ####...

Your spell library contained the following spells:

 Spells                   Type           Power        Failure   Level  Hunger
 Throw Flame              Conj/Fire      ###...       5%          2    ##.....
 Inner Flame              Hex/Fire       ##......     19%         3    ###....
 Fireball                 Conj/Fire      ###.......   71%         5    ######.


Dungeon Overview and Level Annotations

Branches:
Dungeon (6/15)            Ossuary (visited)
 Temple: D:4-7

Altars:
Gozag
Trog

Shops:
D:4 *

Annotations:
D:3 1 runed translucent door, Crazy Yiuf


Innate Abilities, Weirdness & Mutations

You are too large for most types of armour.
You have tough skin. (AC +1)


Message History

The worker ant looks more healthy.
The worker ant bites you.
The ogre hits you with a +0 giant spiked club!!
You hit the ogre.
The ogre is severely wounded.
The worker ant barely misses you. The ogre closely misses you.
Unknown command.
You closely miss the ogre.
The ogre is severely wounded.
You feel sick. The worker ant bites you. x2
* * * LOW HITPOINT WARNING * * *
You barely miss the ogre.
The ogre is almost dead.
The ogre completely misses you. The worker ant bites you.
* * * LOW HITPOINT WARNING * * *
Okay, then.
You barely miss the ogre.
The ogre is almost dead.
You feel sick. The worker ant misses you.
The ogre hits you with a +0 giant spiked club!!
You die...

. . #.
##.###
...(.
..(
#a###.#
#@..#
##O##
(# .#
##


You could see an ogre and a worker ant.

Vanquished Creatures
  A bullfrog zombie (D:5)
  5 big kobold zombies (Ossuary)
  A hound skeleton (D:4)
  A mummy (Ossuary)
  A worker ant zombie (D:5)
  8 adders
  An ooze (D:2)
  2 worms
  2 dart slugs
  2 leopard geckos
  7 orcs
  5 spectral bats (Ossuary)
  A ball python (D:2)
  4 giant cockroaches
  7 gnoll zombies (Ossuary)
  10 goblins
  2 hobgoblins
  7 jackals
  9 kobolds
  9 bats
  2 bat simulacra (Ossuary)
  4 frilled lizards
  2 goblin simulacra (Ossuary)
  4 goblin zombies (Ossuary)
  4 hobgoblin zombies (Ossuary)
  A kobold simulacrum (Ossuary)
  2 kobold zombies (Ossuary)
  8 orc zombies (Ossuary)
  7 rats
  4 rat simulacra (Ossuary)
  4 spectral goblins (Ossuary)
  5 spectral kobolds (Ossuary)
  2 spectral rats (Ossuary)
134 creatures vanquished.

Notes
Turn   | Place    | Note
-------+----------+-------------------------------------------
     0 | D:1      | Nadir the Ogre Fire Elementalist began the quest for the
                  | Orb.
     0 | D:1      | Reached XP level 1. HP: 16/16 MP: 3/3
   163 | D:1      | Reached XP level 2. HP: 24/24 MP: 1/5
   501 | D:1      | Reached skill level 1 in Conjurations
   547 | D:1      | Reached skill level 1 in Fighting
   572 | D:1      | Reached XP level 3. HP: 33/33 MP: 5/7
  1533 | D:2      | Reached XP level 4. HP: 41/41 MP: 3/8
  1546 | D:2      | Learned a level 3 spell: Conjure Flame
  1928 | D:2      | Found a bloodstained altar of Trog.
  2789 | D:3      | Found a runed translucent door.
  2790 | D:3      | Noticed Crazy Yiuf
  3094 | D:3      | Reached XP level 5. HP: 44/49 MP: 7/10
  3760 | D:3      | Learned a level 4 spell: Sticky Flame
  3882 | D:4      | Found a sand-covered staircase.
  3929 | D:4      | Found Gozag's Platinum Reserve.
  3931 | D:4      | Found an opulent altar of Gozag.
  4014 | Ossuary  | Entered an ossuary
  4485 | Ossuary  | Reached skill level 1 in Throwing
  4691 | Ossuary  | Reached XP level 6. HP: 48/61 MP: 4/11
  5566 | D:4      | You fall into a shaft and drop 2 floors!
  5639 | D:5      | Entered Level 5 of the Dungeon
  5684 | D:5      | Demolished by an ogre

Levels and vault maps discovered:
D:1:      evilmike_arrival_run_for_it, layout_basic, minmay_box_of_dots
D:2:      layout_basic, trog_hazing_becter
D:3:      layout_loops_ring, first_ration, uniq_crazy_yiuf_cottage
D:4:      layout_rooms, nicolae_gozag_zags_fifth_avenue,
          nicolae_ossuary_entry_monument
D:5:      layout_loops_ring, minmay_temple_entry_offerings
D:6:      layout_loops_cross, basic_altar, serial_shops, shop,
          minmay_misc_feat_tiny, uniq_sigmund, uniq_duvessa

Skill      XL: |  1  2  3  4  5  6 |
---------------+-------------------+-----
Fire Magic     | 3 4 |  4.3
Conjurations   | 1 2 |  2.3
Fighting       | 1 2 3 |  3.9
Spellcasting   | 3 4 |  4.2
Throwing       | 1 |  1.3
Short Blades   | |  0.1
Dodging        | |  1.7
Stealth        | |  1.4

Action                   |  1- 3 |  4- 6 || total
-------------------------+-------+-------++-------
Melee: Dagger            |    22 |   197 ||   219
Throw: Stone             |       |    46 ||    46
       Dart              |       |    12 ||    12
 Cast: Flame Tongue      |    50 |   112 ||   162
       Conjure Flame     |       |     2 ||     2
 Stab: Sleeping          |       |     3 ||     3
  Eat: Chunk             |     2 |     6 ||     8
       Ration            |       |     2 ||     2
Armor: Robe              |    15 |    75 ||    90
Dodge: Dodged            |    28 |   134 ||   162

Table legend:
 A = Non-vault XP
 B = Vault XP
 C = Vault XP percentage of total XP
 D = Non-vault monster count
 E = Vault monster count
 F = Vault count percentage of total count
                 A         B        C        D         E       F
            +---------+---------+-------+---------+---------+-------
      Total |     312 |     229 |  42.3 |      70 |      64 |  47.8
            +---------+---------+-------+---------+---------+-------
        D:1 |      33 |       7 |  17.5 |      18 |       2 |  10.0
        D:2 |      51 |      12 |  19.0 |      14 |       6 |  30.0
        D:3 |     106 |       0 |   0.0 |      29 |       0 |   0.0
        D:4 |      44 |       0 |   0.0 |       6 |       0 |   0.0
        D:5 |      65 |       0 |   0.0 |       2 |       0 |   0.0
        D:6 |      13 |       0 |   0.0 |       1 |       0 |   0.0
    Ossuary |       0 |     210 | 100.0 |       0 |      56 | 100.0
            +---------+---------+-------+---------+---------+-------
